 Dungeon Crawl Stone Soup version 0.31.0-9-g3a7656b989 (webtiles) character file.

Game seed: 13020784897848172322

431 Malachi the Ruffian (level 6, -7/55 HPs)
             Began as a Troll Shapeshifter on Jan 24, 2024.
             Mangled by a gnoll
             ... wielding a +0 halberd
              (10 damage)
             ... on level 4 of the Dungeon.
             The game lasted 00:03:14 (2683 turns).

Malachi the Ruffian (Troll Shapeshifter)            Turns: 2683, Time: 00:03:15

Health: -7/55      AC:  5    Str: 24 (25) XL:     6   Next: 66%
Magic:  5/5        EV:  5    Int:  3 (6)  God:
Gold:   150        SH:  0    Dex:  7 (9)  Spells: 5/5 levels left

rFire   . .          .
                       - Unarmed
rCold   . . .        (no shield)
rNeg    . . .        a - +1 animal skin
rPois   .            (helmet currently unavailable)
rElec   .            (cloak currently unavailable)
rCorr   .            (gloves unavailable)
SInv    .            (boots unavailable)
Will    +....        (no amulet)
Stlth   +            (no ring)
HPRegen 1.09/turn    (no ring)
MPRegen 0.09/turn

%: no passive effects
@: beast-form, enlightened, flying, held
A: beast (slay +2), large, unfitting armour, claws 3, regeneration 1, shaggy fur
1, tough skin 1
a: Begin Untransformation


You were on level 4 of the Dungeon.
You were a hulking beast.
You visited 1 branch of the dungeon, and saw 4 of its levels.

You collected 150 gold pieces.

Inventory:

Missiles
 f - 10 boomerangs (quivered)
Armour
 a - a +1 animal skin (worn)
Jewellery
 p - a +6 ring of intelligence
Talismans
 c - a beast talisman
 d - a flux talisman
Wands
 j - a wand of roots (9)
 s - a wand of acid (9)
Scrolls
 e - a scroll of enchant armour
Potions
 b - 2 potions of lignification
 h - 2 potions of resistance
 i - a potion of enlightenment
 l - a potion of degeneration
 n - a potion of brilliance {unknown}
 o - 2 potions of heal wounds {unknown}
 q - 2 potions of curing {unknown}


   Skills:
 + Level 1.2 Fighting
 - Level 1.6 Dodging
 + Level 6.4 Unarmed Combat
 + Level 4.5 Shapeshifting


You had 5 spell levels left.
You didn't know any spells.
Your spell library contained the following spells:

 Spells                   Type           Power      Damage    Failure   Level
 Sandblast                Erth           0%         2d4       52%         1
 Static Discharge         Conj/Air       0%         3-3/arc   67%         2
 Passwall                 Erth           0%         N/A       88%         3
 Stone Arrow              Conj/Erth      0%         3d7       88%         3
 Airstrike                Air            0%         2d(0-16)  99%         4
 Brom's Barrelling Bould  Conj/Erth      0%         2d3       99%         4
 Summon Lightning Spire   Summ/Air       0%         N/A       99%         4


Dungeon Overview and Level Annotations

Branches:
Dungeon (4/15)
 Temple: D:4-7

Altars:
Okawaru


Innate Abilities, Weirdness & Mutations

You are a hulking beast.
Your limbs bulge with bestial killing power. (Slay +2)
You are too large for most types of armour.
You have claws for hands.
Your natural rate of healing is unusually fast.
You are covered in fur. (AC +1)
You have tough skin. (AC +1)


Message History

You are too injured to fight recklessly!
You are too injured to fight recklessly!
You are too injured to fight recklessly!
You are too injured to fight recklessly!
You are too injured to fight recklessly!
You are too injured to fight recklessly!
You are too injured to fight recklessly!
You are too injured to fight recklessly!
You are too injured to fight recklessly!
You are too injured to fight recklessly!
Unknown command.
The gnoll closely misses you.
Things that are here:
a +0 hand axe; an orc corpse You claw the orc priest!
You kill the orc priest!
The gnoll throws a throwing net.
The throwing net hits you.
You become entangled in the net!
You see here a throwing net.
You tear a large gash into the net.
The gnoll hits you from afar with a +0 halberd!
* * * LOW HITPOINT WARNING * * *
You struggle against the net.
The gnoll hits you from afar with a +0 halberd.
* * * LOW HITPOINT WARNING * * *
Unknown command.
It was a potion of enlightenment.
You feel very buoyant.
You fly up into the air.
The gnoll hits you from afar with a +0 halberd!
* * * LOW HITPOINT WARNING * * *
As you read the scroll labelled BUXZEBBI UKAID, it crumbles to dust.
It is a scroll of enchant weapon.
You aren't carrying any weapons that can be enchanted.
The gnoll completely misses you.
It was a potion of degeneration.
There was something very wrong with that liquid.
You feel weakened.
You feel dopey.
You feel clumsy.
The gnoll hits you from afar with a +0 halberd!
You die...

##.........).........###....#
....#######.######.#####..#.#
..........<.#..........#..#.#
)#..#.......#.########.####.#
.#..#.#.....#.#####.........#
.#<.#.#.##..#.#........######
.#..........#.#.....#...#
...##.#.#...#.#######...#
#####.#.#...#.#.h.......#
..#.#...#.#)####....#
#######.#.#.#.#g# #....#
.....†..#...#.#g.oo#....#
#########...#.#o.o.#....#
..............#....#....#
###########.###....#....# #.#
.....#....# #)# #.##.#


You could see 2 gnolls and an orc.

Vanquished Creatures
  Sigmund (D:2)
  2 howler monkeys
  A bombardier beetle (D:4)
  An orc priest (D:4)
  An orc wizard (D:4)
  A gnoll (D:4)
  3 adders (D:3)
  5 orcs
  5 bats
  4 endoplasms
  8 giant cockroaches
  5 goblins
  6 hobgoblins
  5 jackals (D:1)
  4 quokkas
  7 ball pythons
  3 frilled lizards
  4 kobolds
  6 rats
72 creatures vanquished.

Notes
Turn   | Place    | Note
-------+----------+-------------------------------------------
     0 | D:1      | Malachi the Troll Shapeshifter began the quest for the Orb.
     0 | D:1      | Reached XP level 1. HP: 18/18 MP: 0/0
   156 | D:1      | Reached XP level 2. HP: 24/26 MP: 1/1
   541 | D:1      | Reached XP level 3. HP: 32/32 MP: 2/2
   941 | D:2      | Found a faded altar of an unknown god.
  1099 | D:2      | Reached skill level 4 in Unarmed Combat
  1099 | D:2      | Reached XP level 4. HP: 32/40 MP: 3/3
  1117 | D:2      | Noticed Sigmund
  1128 | D:2      | Killed Sigmund
  1129 | D:2      | Reached skill level 1 in Fighting
  1129 | D:2      | Reached skill level 5 in Unarmed Combat
  1129 | D:2      | Reached XP level 5. HP: 31/48 MP: 4/4
  1149 | D:2      | You fall into a shaft and drop 1 floor!
  1594 | D:3      | Found an iron altar of Okawaru.
  1953 | D:3      | Reached XP level 6. HP: 55/55 MP: 5/5
  2521 | D:4      | Reached skill level 6 in Unarmed Combat
  2681 | D:4      | HP: 1/55 [gnoll/+0 halberd (10)]
  2683 | D:4      | Mangled by a gnoll

Illustrated notes

Levels and vault maps discovered:
D:1:      amcnicky_arrival_abandoned_market, layout_loops_ring
D:2:      layout_basic, ebering_ecumenical_altar_hall,
          minmay_fractal_squares_gapless_5, uniq_sigmund
D:3:      layout_basic, general_overflow_altar, lemuel_flame_loot_1
D:4:      layout_basic, fedhas_altar_1, uniq_edmund

Skill      XL: |  1  2  3  4  5  6 |
---------------+-------------------+-----
Unarmed Combat | 4 5 6 |  6.4
Shapeshifting  | 4 |  4.5
Fighting       | 1 |  1.2
Dodging        | |  1.6

Action                     |  1- 3 |  4- 6 || total
---------------------------+-------+-------++-------
  Melee: Unarmed           |    89 |    69 ||   158
         Punch             |     1 |     2 ||     3
    Use: Scroll            |     2 |     5 ||     7
         Potion            |       |     2 ||     2
   Stab: Sleeping          |     2 |     2 ||     4
 Armour: Animal skin       |    67 |    39 ||   106
  Dodge: Dodged            |    42 |    22 ||    64
